 Dungeon Crawl Stone Soup version 0.24-a0-581-gc0fa660 (webtiles) character file.

Game seed: 3867593871331534526

198551 Firebatgyro the Slayer (level 18, -7/217 HPs)
             Began as an Ogre Hunter on Aug 23, 2019.
             Was the Champion of Wu Jian.
             Mangled by an emperor scorpion (8 damage)
             ... on level 4 of the Spider Nest on Aug 24, 2019.
             The game lasted 01:24:18 (38798 turns).

Firebatgyro the Slayer (Ogre Hunter)               Turns: 38798, Time: 01:24:19

Health: -7/217     AC: 33    Str: 27      XL:     18   Next: 44%
Magic:  1/24       EV:  4    Int: 11 (12) God:    Wu Jian [******]
Gold:   2556       SH:  0    Dex:  8 (9)  Spells: 17/17 levels left

rFire    + . .     SeeInvis +   D - +7 giant spiked club (flame)
rCold    + + .     Gourm    .   (shield currently unavailable)
rNeg     . . .     Faith    .   y - +9 scales of the Dragon King {rPois rF+ rC+ MR+}
rPois    +         Spirit   .   (helmet restricted)
rElec    .         Reflect  .   O - +2 cloak {rC+}
rCorr    .         Harm     .   (gloves unavailable)
MR       +++..                  (boots unavailable)
Stlth    ..........             R - amulet of rage
HPRegen  0.46/turn              w - ring of see invisible
MPRegen  0.19/turn              L - ring of protection from magic

@: about to teleport, berserk cooldown, slowed, very slow
A: large, unfitting armour, tough skin 1
}: 1/15 runes: decaying
a: Wall Jump, Serpent's Lash, Heavenly Storm, Renounce Religion, Evoke Berserk
Rage


You were on level 4 of the Spider Nest.
You worshipped Wu Jian.
Wu Jian was exalted by your worship.
You were not hungry.

You visited 5 branches of the dungeon, and saw 30 of its levels.
You also visited: Gauntlet and Ice Cave.

You collected 2764 gold pieces.
You spent 208 gold pieces at shops.

Inventory:

Hand Weapons
 s - a +2 whip of electrocution
 D - a +7 giant spiked club of flaming (weapon)
 S - a +1 great mace of holy wrath
Missiles
 n - 11 large rocks (quivered)
 H - 4 curare-tipped darts
 U - 12 silver javelins
Armour
 y - the +9 scales of the Dragon King (worn) {rPois rF+ rC+ MR+}
   (You found it on level 4 of the Dungeon)

   It protects you from fire.
   It protects you from cold.
   It protects you from poison.
   It affects your resistance to hostile enchantments.
 M - a +2 shield of cold resistance
 O - a +2 cloak of cold resistance (worn)
Jewellery
 g - an uncursed amulet of the acrobat
 w - a ring of see invisible (left hand)
 x - an uncursed ring of fire
 G - an uncursed amulet of guardian spirit
 L - a ring of protection from magic (right hand)
 R - an amulet of rage (around neck)
 T - an uncursed ring of positive energy
 X - an uncursed ring of ice
Wands
 l - a wand of flame (28)
 u - a wand of paralysis (8)
 v - a wand of random effects (37)
 z - a wand of iceblast (5)
 A - a wand of acid (8)
 E - a wand of clouds (11)
 I - a wand of scattershot (5)
 N - a wand of polymorph (19)
 P - a wand of disintegration (28)
Scrolls
 d - 3 scrolls of fog
 e - 7 scrolls of teleportation
 h - 30 scrolls of identify
 p - 14 scrolls of remove curse
 r - a scroll of amnesia
 W - a scroll of silence
Potions
 a - 5 potions of might
 b - 3 potions of invisibility
 c - 2 potions of cancellation
 j - 2 potions of heal wounds
 k - 3 potions of ambrosia
 m - 5 potions of lignification
 o - 3 potions of magic
 q - 2 potions of resistance
 t - a potion of berserk rage
 B - 4 potions of agility
 C - 6 potions of curing
 F - 7 potions of flight
 J - 3 potions of haste
Miscellaneous
 i - a sack of spiders
 K - a fan of gales
Comestibles
 f - 37 rations


   Skills:
 + Level 21.7 Fighting
 + Level 16.1 Maces & Flails
 - Level 4.4 Throwing
 + Level 14.7 Armour
 - Level 1.7 Dodging
 - Level 0.6 Stealth
 + Level 8.7 Evocations


You had 17 spell levels left.
You didn't know any spells.
Your spell library contained the following spells:

 Spells                   Type           Power        Failure   Level  Hunger
 Animate Skeleton         Necr           N/A          100%        1    ##.....
 Freeze                   Ice            #...         100%        1    ##.....
 Infusion                 Chrm           #...         100%        1    ##.....
 Magic Dart               Conj           #...         100%        1    ##.....
 Pain                     Necr           #...         100%        1    ##.....
 Summon Butterflies       Summ           #.......     100%        1    ##.....
 Blink                    Tloc           N/A          100%        2    ###....
 Call Imp                 Summ           #.......     100%        2    ###....
 Searing Ray              Conj           #.....       100%        2    ###....
 Shroud of Golubria       Chrm/Tloc      #.....       100%        2    ###....
 Slow                     Hex            #.......     100%        2    ###....
 Song of Slaying          Chrm           #.......     100%        2    ###....
 Swiftness                Chrm/Air       #.......     100%        2    ###....
 Throw Frost              Conj/Ice       #.....       100%        2    ###....
 Conjure Flame            Conj/Fire      #.......     100%        3    ####...
 Dazzling Spray           Conj/Hex       #.....       100%        3    ####...
 Mephitic Cloud           Conj/Pois/Air  #.......     100%        3    ####...
 Ozocubu's Armour         Chrm/Ice       #.......     100%        3    ####...
 Regeneration             Chrm/Necr      #.........   100%        3    ####...
 Spectral Weapon          Hex/Chrm       #.......     100%        3    ####...
 Summon Guardian Golem    Hex/Summ       #.......     100%        3    ####...
 Vampiric Draining        Necr           #.........   100%        3    ####...
 Animate Dead             Necr           N/A          100%        4    #####..
 Force Lance              Conj/Tloc      #.......     100%        4    #####..
 Fulminant Prism          Conj/Hex       #.........   100%        4    #####..
 Ice Form                 Ice/Tmut       #.......     100%        4    #####..
 Iskenderun's Mystic Bla  Conj           #.......     100%        4    #####..
 Summon Ice Beast         Ice/Summ       #.......     100%        4    #####..
 Summon Lightning Spire   Summ/Air       #.......     100%        4    #####..
 Throw Icicle             Conj/Ice       #.......     100%        4    #####..
 Aura of Abjuration       Summ           #.........   100%        5    ######.
 Metabolic Englaciation   Hex/Ice        #.........   100%        5    ######.
 Silence                  Hex/Air        #.........   100%        5    ######.
 Summon Mana Viper        Hex/Summ       #.......     100%        5    ######.
 Bolt of Cold             Conj/Ice       #.........   100%        6    #######
 Conjure Ball Lightning   Conj/Air       #.........   100%        6    #######
 Deflect Missiles         Chrm/Air       #.........   100%        6    #######
 Freezing Cloud           Conj/Ice/Air   #.........   100%        6    #######
 Ozocubu's Refrigeration  Ice            #.........   100%        6    #######
 Simulacrum               Ice/Necr       #.........   100%        6    #######
 Dragon's Call            Summ           #.........   100%        9    #######
 Tornado                  Air            #.........   100%        9    #######


Dungeon Overview and Level Annotations

Branches:
Dungeon (14/15)            Temple (0/1) D:7            Lair (6/6) D:10
  Swamp (4/4) Lair:2       Spider (4/4) Lair:4        Slime (0/5) Lair:5
    Orc (2/2) D:12            Elf (0/3) Orc:2        Vaults (0/5) D:14
  IceCv (visited)         Gauntlet (visited)

Altars:
Cheibriados
Elyvilon
Okawaru
Uskayaw
Wu Jian
Xom
The Shining One
Jiyva

Shops:
D:10 [   Orc:2 :*[(

Annotations:
D:3 Sigmund
Lair:2 3 runed translucent doors, SFR's ghost, journeyman HuSk
Lair:5 1 runed translucent door, Ihaivurph's ghost, journeyman DsMo
Spider:3 3 runed translucent doors, exclusion: Roxanne, 27lvlRevel's ghost, journeyman DsFi; Cehad's ghost, adept DsWr; Roxanne; Veumubimm's ghost, adept HuCj
Orc:2 2 runed translucent doors, exclusion: orange crystal statue


Innate Abilities, Weirdness & Mutations

You are too large for most types of armour.
You have tough skin. (AC +1)


Message History

The emperor scorpion stings you but does no damage.
The emperor scorpion claws you!
* * * LOW HITPOINT WARNING * * *
The emperor scorpion claws you but does no damage.
The hornet stings you but does no damage.
The ghost moth stares at you. The emperor scorpion stings you!!
* * * LOW HITPOINT WARNING * * *
The emperor scorpion claws you but does no damage. x2
The moth of wrath goads the hornet on!
The hornet goes berserk!
The emperor scorpion stings you but does no damage.
The emperor scorpion claws you!
* * * LOW HITPOINT WARNING * * *
The emperor scorpion claws you but does no damage.
You can move again.
As you read the scroll of teleportation, it crumbles to dust.
You feel strangely unstable. The emperor scorpion stings you!
* * * LOW HITPOINT WARNING * * *
The emperor scorpion claws you!
You die...

#≈.^..# ####≈...##
##≈.^≈## #≈...##
#^..### ##..≈.## #≈.##
#+##...##^## #≈..#
..##...##.^' ###...#
...##≈......'
#...#####...###≈....^'
#≈..##yyy# ##≈....##
#≈...@syy# #≈...≈##
##^.≈.s##...##≈^≈≈##
#^.#### ..##..###
##.## .##≈..# #..##
###≈.^### #...###
#####..^..##
#....=###...###....#
##.....##.≈≈.##≈....
#≈≈≈....##≈≈.###.≈.^


You could see 2 emperor scorpions, a ghost moth (invisible), a moth of wrath and
3 hornets.

Vanquished Creatures
  Bai Suzhen (Swamp:2)
  A bone dragon (Swamp:4)
  Arachne (Spider:3)
  Rupert (Lair:5)
  2 thorn hunters (Swamp:3)
  Donald (Orc:1)
  The ghost of Nipuresu the Warrior, a journeyman MiFi of Okawaru (Swamp:1)
  2 orc warlords
  4 ghost moths
  3 emperor scorpions
  2 entropy weavers
  The ghost of pigah the Carver, a journeyman DrWn of Okawaru (D:13)
  Nessos (Lair:5)
  A minotaur (Gauntlet)
  A white draconian (IceCv)
  2 spark wasps
  A death ooze (Gauntlet)
  A fire dragon (Lair:6)
  Josephine (Lair:4)
  10 hydras
  6 vault guards (D:14)
  2 ghost crabs (Swamp:4)
  3 shambling mangroves
  5 two-headed ogres
  A death knight (D:12)
  A dancing weapon (D:13)
  2 centaur warriors (D:13)
  9 alligators
  9 death yaks
  3 orc high priests
  5 skeletal warriors (D:11)
  A death drake (Swamp:4)
  3 unseen horrors
  3 swamp dragons
  5 spectral hydras (Swamp:4)
  4 orc knights
  2 phantasmal warriors (Swamp:4)
  Pikel (D:4)
  15 orb spiders
  2 large abominations (Gauntlet)
  4 orc sorcerers
  20 wolf spiders
  2 cyclopes
  3 ugly things (D:14)
  A manticore (D:12)
  2 moths of wrath
  5 elephants (Lair:6)
  An ice statue (IceCv)
  Maurice (D:8)
  Psyche (D:11)
  5 centaur zombies
  2 molten gargoyles (Lair:6)
  5 black mambas (Lair:6)
  3 centaur skeletons
  2 torpor snails
  15 spiny frogs
  2 rime drakes
  6 swamp worm zombies (Swamp:4)
  A kobold demonologist (D:14)
  2 minotaur zombies (Gauntlet)
  13 komodo dragons
  3 hydra zombies (Swamp:4)
  9 demonic crawlers
  3 meliai (Gauntlet)
  2 tyrant leeches
  15 polar bears (IceCv)
  Prince Ribbit (D:5)
  3 trolls
  24 jumping spiders
  10 hornets
  3 slime creatures (D:13)
  10 bog bodies
  A spectral swamp dragon (Swamp:4)
  13 blink frogs
  2 alligator zombies (Swamp:4)
  5 hippogriffs
  22 dream sheep
  A water elemental (D:13)
  78 redbacks
  22 tarantellas
  4 wraiths
  4 shadows
  2 vampires (D:12)
  37 yaks
  3 wyverns (Lair:6)
  5 humans (D:14)
  Grum (D:8)
  5 basilisks
  A steam dragon (Lair:6)
  A hungry ghost (D:10)
  25 vampire mosquitoes
  11 swamp worms
  12 insubstantial wisps (Swamp:4)
  5 wargs
  13 water moccasins
  2 acid dragons
  11 porcupines
  Duvessa (D:4)
  3 hell hounds (Lair:6)
  13 ice beasts
  3 sky beasts
  4 swamp drakes
  41 orc warriors
  A black bear (D:8)
  4 swamp dragon zombies (Swamp:4)
  A slave (D:4)
  11 ogres
  10 phantoms
  18 centaurs
  10 wolves
  10 crocodiles
  10 big kobolds
  3 gnoll sergeants
  Dowan (D:4)
  4 small abominations (Gauntlet)
  21 bullfrogs
  A wyvern zombie (D:7)
  A wyvern skeleton (D:13)
  A scorpion (D:9)
  8 killer bees
  8 wights
  10 howler monkeys
  2 bullfrog zombies
  5 crimson imps
  4 lava snakes (Lair:6)
  A quasit (D:14)
  6 hounds
  2 jellies
  12 orc priests
  23 orc wizards
  A bullfrog skeleton (D:10)
  3 iguanas
  Ijyb (D:4)
  A spectral swamp drake (Swamp:4)
  10 worker ants
  A killer bee zombie (D:10)
  2 hound zombies
  A hound skeleton (D:8)
  11 gnolls
  A howler monkey skeleton (D:10)
  A swamp drake zombie (Swamp:4)
  9 adders
  2 shadow imps
  An ooze (D:1)
  2 adder zombies
  9 leopard geckos
  70 orcs
  8 giant cockroaches
  6 goblins
  5 hobgoblins
  9 jackals
  26 kobolds
  2 quokkas (D:4)
  3 bats
  4 frilled lizards
  6 rats
  3 briar patches (Swamp:3)
  2 demonic plants (Gauntlet)
1038 creatures vanquished.

Vanquished Creatures (others)
  A bog body (Swamp:4)
  A hornet (Spider:4)
  A redback (Spider:3)
  A tarantella (Spider:4)
  A human (D:14)
  2 insubstantial wisps (Swamp:4)
  A swamp drake (Swamp:4)
  2 demonic plants (Gauntlet)
  8 fungi
  2 plants
  A withered plant (Spider:3)
21 creatures vanquished.

Grand Total: 1059 creatures vanquished

Notes
Turn   | Place    | Note
-------+----------+-------------------------------------------
     0 | D:1      | Firebatgyro the Ogre Hunter began the quest for the Orb.
     0 | D:1      | Reached XP level 1. HP: 22/22 MP: 1/1
    47 | D:1      | Reached skill level 3 in Fighting
   227 | D:1      | Reached XP level 2. HP: 31/31 MP: 2/2
   453 | D:1      | Reached XP level 3. HP: 26/39 MP: 3/3
   924 | D:1      | Reached skill level 4 in Fighting
  1193 | D:2      | Found a faded altar of an unknown god.
  1211 | D:2      | Became a worshipper of the Wu Jian Council
  1211 | D:2      | Reached * piety under Wu Jian
  1229 | D:2      | Found a white marble altar of Elyvilon.
  1230 | D:2      | Found an iron altar of Okawaru.
  1433 | D:2      | Reached skill level 1 in Maces & Flails
  1656 | D:2      | Reached XP level 4. HP: 49/49 MP: 4/4
  1816 | D:2      | Found a hide-covered altar of Uskayaw.
  1817 | D:2      | Found a snail-covered altar of Cheibriados.
  2314 | D:3      | Reached ** piety under Wu Jian
  2429 | D:3      | Noticed Sigmund
  2488 | D:4      | Noticed Duvessa
  2489 | D:4      | Noticed Dowan
  2504 | D:4      | Killed Duvessa
  2504 | D:4      | Reached skill level 5 in Fighting
  2504 | D:4      | Reached XP level 5. HP: 37/57 MP: 5/5
  2507 | D:4      | Killed Dowan
  2507 | D:4      | Reached skill level 6 in Fighting
  2507 | D:4      | Reached XP level 6. HP: 45/67 MP: 6/6
  2639 | D:4      | Found the +9 scales of the Dragon King {rPois rF+ rC+ MR+}
  2879 | D:4      | Noticed Ijyb
  2919 | D:4      | Killed Ijyb
  3157 | D:5      | Entered Level 5 of the Dungeon
  3157 | D:5      | Noticed a slave
  3159 | D:5      | Noticed Pikel
  3524 | D:5      | Reached skill level 1 in Armour
  3718 | D:5      | Noticed a sky beast
  3762 | D:5      | Killed a sky beast
  3762 | D:5      | Reached XP level 7. HP: 58/76 MP: 7/7
  3928 | D:4      | Killed Pikel
  3928 | D:4      | Reached skill level 7 in Fighting
  3928 | D:4      | Reached XP level 8. HP: 88/88 MP: 8/8
  3952 | D:5      | Reached skill level 8 in Fighting
  4043 | D:5      | Noticed Prince Ribbit
  4058 | D:5      | Killed Prince Ribbit
  4058 | D:5      | Reached skill level 5 in Maces & Flails
  4710 | D:6      | Reached skill level 9 in Fighting
  5474 | D:7      | Reached XP level 9. HP: 83/100 MP: 9/9
  5863 | D:7      | Reached *** piety under Wu Jian
  5897 | D:7      | Found a staircase to the Ecumenical Temple.
  5922 | D:7      | Reached skill level 10 in Fighting
  5922 | D:7      | Reached skill level 5 in Armour
  6660 | D:7      | Identified the Guide on Boosting Creation
  6762 | D:7      | Reached skill level 11 in Fighting
  6762 | D:7      | Reached XP level 10. HP: 100/113 MP: 10/10
  7680 | D:8      | Noticed Grum
  7696 | D:8      | Killed Grum
  7698 | D:8      | Noticed Maurice
  7884 | D:8      | Reached **** piety under Wu Jian
  8000 | D:8      | Killed Maurice
  8103 | D:8      | Reached skill level 12 in Fighting
  8782 | D:9      | Found a glowing golden altar of the Shining One.
  8809 | D:9      | Noticed a two-headed ogre
  8817 | D:9      | Killed a two-headed ogre
  8817 | D:9      | Reached XP level 11. HP: 83/124 MP: 11/11
  9030 | D:9      | Noticed a two-headed ogre
  9042 | D:9      | Reached ***** piety under Wu Jian
  9047 | D:9      | Killed a two-headed ogre
  9422 | D:10     | Entered Level 10 of the Dungeon
  9434 | D:10     | Noticed a two-headed ogre
  9442 | D:10     | Killed a two-headed ogre
  9442 | D:10     | Reached skill level 13 in Fighting
  9518 | D:10     | Found Zisotok's Antique Armour Shop.
  9846 | D:10     | Noticed an unseen horror
  9852 | D:10     | Killed an unseen horror
 10069 | D:10     | Found a staircase to the Lair.
 10217 | Lair:1   | Entered Level 1 of the Lair of Beasts
 10217 | Lair:1   | Noticed an eight-headed hydra
 10226 | Lair:1   | Killed an eight-headed hydra
 10816 | Lair:2   | Noticed a six-headed hydra
 10822 | Lair:2   | Killed a six-headed hydra
 10839 | Lair:2   | Reached skill level 14 in Fighting
 10963 | Lair:2   | Reached skill level 10 in Maces & Flails
 10979 | Lair:2   | Reached XP level 12. HP: 47/139 MP: 3/12
 11267 | Lair:2   | Found a runed translucent gate.
 11267 | Lair:2   | Found a runed translucent gate.
 11267 | Lair:2   | Found a runed translucent gate.
 11271 | Lair:2   | Noticed a death ooze
 11271 | Lair:2   | Noticed SFR's ghost (journeyman HuSk)
 11345 | Lair:2   | Found a staircase to the Swamp.
 11407 | Lair:2   | Found a frozen archway.
 11456 | IceCv    | Entered an ice cave
 11832 | IceCv    | Reached skill level 15 in Fighting
 12484 | IceCv    | Noticed a white draconian
 12496 | IceCv    | Reached ****** piety under Wu Jian
 12512 | IceCv    | Killed a white draconian
 12512 | IceCv    | Reached skill level 10 in Armour
 12522 | IceCv    | Reached XP level 13. HP: 64/152 MP: 6/13
 13020 | Lair:2   | Found a viscous altar of Jiyva.
 13239 | Lair:3   | Reached skill level 16 in Fighting
 14115 | Lair:4   | Found a hole to the Spider Nest.
 14117 | Lair:4   | Noticed Josephine
 14145 | Lair:4   | Killed Josephine
 14984 | Lair:5   | Noticed Ihaivurph's ghost (journeyman DsMo)
 14987 | Lair:5   | Found a runed translucent door.
 15063 | Lair:5   | Noticed Rupert
 15073 | Lair:5   | Killed Rupert
 15085 | Lair:5   | Noticed Nessos
 15274 | Lair:5   | Found a viscous altar of Jiyva.
 15274 | Lair:5   | Found a staircase to the Slime Pits.
 15344 | Lair:5   | Killed Nessos
 15344 | Lair:5   | Reached skill level 17 in Fighting
 15395 | Lair:5   | Found a gate leading to a gauntlet.
 15402 | Gauntlet | Entered a Gauntlet
 15402 | Gauntlet | Found a transporter.
 15402 | Gauntlet | Found a transporter.
 15651 | Gauntlet | Found a transporter.
 15651 | Gauntlet | Found a transporter.
 15671 | Gauntlet | Found a transporter.
 15675 | Gauntlet | Found a runed translucent door.
 15675 | Gauntlet | Found a runed translucent door.
 15679 | Gauntlet | Found a transporter.
 15683 | Gauntlet | Found a transporter.
 15699 | Gauntlet | Found a transporter.
 15707 | Gauntlet | Found a transporter.
 15708 | Gauntlet | Noticed a blizzard demon
 15721 | Gauntlet | Found a transporter.
 15725 | Gauntlet | Found a transporter.
 15733 | Gauntlet | Found a transporter.
 15988 | Gauntlet | Noticed a death ooze
 16004 | Gauntlet | Killed a death ooze
 16004 | Gauntlet | Reached XP level 14. HP: 126/166 MP: 10/14
 17494 | Lair:6   | Entered Level 6 of the Lair of Beasts
 18201 | Lair:6   | Reached skill level 18 in Fighting
 18849 | Lair:6   | Found a large runed translucent door.
 18904 | Lair:6   | Found a large runed translucent door.
 19925 | D:11     | Noticed Psyche
 19931 | D:11     | Killed Psyche
 20564 | D:11     | Reached XP level 15. HP: 159/178 MP: 11/15
 20711 | D:12     | You fall into a shaft and drop 2 floors!
 21429 | D:14     | Reached skill level 1 in Evocations
 21620 | D:14     | Reached skill level 19 in Fighting
 21665 | D:14     | Found a gate to the Vaults.
 21801 | D:13     | Found a runed translucent door.
 21801 | D:13     | Found a shimmering altar of Xom.
 21801 | D:13     | Noticed pigah's ghost (journeyman DrWn)
 22465 | D:13     | Killed pigah's ghost
 22784 | D:12     | Found a staircase to the Orcish Mines.
 22870 | Orc:1    | Entered Level 1 of the Orcish Mines
 22901 | Orc:2    | Entered Level 2 of the Orcish Mines
 22942 | Orc:2    | Noticed an orc warlord
 23103 | Orc:1    | Killed an orc warlord
 23769 | Orc:2    | Found Sissoxtujih's Book Emporium.
 23791 | Orc:2    | Found Sotosir's General Store.
 23792 | Orc:2    | Noticed an orc warlord
 24317 | Orc:2    | Noticed Donald
 24358 | Orc:1    | HP: 7/270 [Donald/+4 vampiric long sword (13)]
 24359 | Orc:1    | Killed Donald
 24888 | Orc:2    | Bought 2 potions of mutation for 208 gold pieces
 25247 | Orc:2    | Killed an orc warlord
 25357 | Orc:2    | Found Hitec's Antique Armour Emporium.
 25435 | Orc:2    | Reached XP level 16. HP: 148/191 MP: 18/18
 25479 | Orc:2    | Found Lougon's Antique Weapon Boutique.
 25584 | Orc:2    | Found a staircase to the Elven Halls.
 25692 | Orc:2    | Found a runed translucent door.
 25693 | Orc:2    | Found the +10 large shield of Ignorance {rN+ Int-4}
 25710 | Orc:2    | Found a runed translucent door.
 26028 | Orc:1    | Found a shimmering altar of Xom.
 26864 | D:12     | Found the +12 Vampire's Tooth {vamp}
 27241 | Swamp:1  | Entered Level 1 of the Swamp
 27484 | Swamp:1  | Found a large runed translucent door.
 27484 | Swamp:1  | Found a large runed translucent door.
 27485 | Swamp:1  | Noticed Nipuresu's ghost (journeyman MiFi)
 27502 | Swamp:1  | Killed Nipuresu's ghost
 27753 | Swamp:1  | Reached skill level 20 in Fighting
 27753 | Swamp:1  | Reached skill level 5 in Evocations
 28761 | Swamp:3  | Noticed Bai Suzhen
 28983 | Swamp:3  | Noticed a thorn hunter
 28995 | Swamp:3  | Noticed a thorn hunter
 28996 | Swamp:3  | Killed a thorn hunter
 29005 | Swamp:3  | Killed a thorn hunter
 29024 | Swamp:2  | Killed Bai Suzhen
 29447 | Swamp:3  | Reached skill level 15 in Maces & Flails
 29749 | Swamp:4  | Entered Level 4 of the Swamp
 30001 | Swamp:4  | Reached XP level 17. HP: 166/202 MP: 21/21
 30391 | Swamp:4  | HP: 10/204 [spiny frog (12)]
 31171 | Swamp:4  | Noticed a bone dragon
 31196 | Swamp:4  | Killed a bone dragon
 31589 | Swamp:4  | Got a decaying rune of Zot
 31805 | Spider:1 | Entered Level 1 of the Spider Nest
 32761 | Spider:2 | Reached skill level 21 in Fighting
 33973 | Spider:3 | Noticed Arachne
 33981 | Spider:2 | Paralysed by a hornet for 2 turns
 34407 | Spider:2 | HP: 10/205 [poisoned by a redback]
 34428 | Spider:2 | HP: 10/205 [wolf spider (4)]
 34428 | Spider:2 | HP: 3/205 [redback (7)]
 34433 | Spider:2 | HP: 7/205 [wolf spider (9)]
 35522 | Spider:4 | Entered Level 4 of the Spider Nest
 35546 | Spider:4 | HP: 10/205 [redback (3)]
 36155 | Spider:3 | Killed Arachne
 36155 | Spider:3 | Reached XP level 18. HP: 158/215 MP: 24/24
 36370 | Spider:3 | Found a runed translucent gate.
 36371 | Spider:3 | Found a runed translucent gate.
 36372 | Spider:3 | Found a runed translucent gate.
 36383 | Spider:3 | Noticed 27lvlRevel's ghost (journeyman DsFi)
 36383 | Spider:3 | Noticed Veumubimm's ghost (adept HuCj)
 36384 | Spider:3 | Noticed Cehad's ghost (adept DsWr)
 36403 | Spider:3 | Noticed Roxanne
 37230 | Spider:4 | Identified the Tome of a Billion Beds
 38798 | Spider:4 | HP: 1/217 [emperor scorpion (12)]
 38798 | Spider:4 | Mangled by an emperor scorpion

Levels and vault maps discovered:
D:1:      minmay_arrival_wavy_path, layout_loops_cross
D:2:      minmay_wonky_spiral, layout_basic, grunt_temple_overflow_open,
          gammafunk_temple_overflow_pools,
          chequers_ecumenical_altar_simple_redux, minmay_splitting_lines,
          minmay_indecisive_spiral
D:3:      layout_rooms, nicolae_overflow_hidden_temple, grunt_decor_one_mirror,
          chequers_serial_rivers_micro_c, uniq_sigmund, uniq_jessica
D:4:      layout_basic, first_ration, uniq_ijyb, uniq_duvessa
D:5:      layout_layer_cave, uniq_pikel, uniq_prince_ribbit1
D:6:      layout_loops_ring
D:7:      layout_layer_cave, minmay_temple_entry_tees, enter_bailey_2
D:8:      layout_basic, uniq_grum, uniq_maurice
D:9:      layout_gridville, tso_metal_star
D:10:     layout_long_grid, david_lair_shrubbed, serial_shops,
          nicolae_shop_stone
D:11:     layout_irregular_city, uniq_psyche
D:12:     layout_roguey, kennysheep_orc_monster_closet_entryway,
          minmay_guarded_unrand_vampires_tooth
D:13:     layout_basic, ebering_ghost_xom
D:14:     layout_rooms, ximxim_vaults_locker_room, serial_corexii_hall,
          corexii_hall_statues_l, corexii_hall_statues_x,
          chequers_hall_statues_wall_a, chequers_hall_statues_wall_a,
          hangedman_ranch [blue_anna_fruit_fields], abandoned_shop
Lair:1:   layout_big_grid, lemuel_fruit_tree
Lair:2:   layout_regular_city, swamp_mist, portal_ice_cave_entry_ice_beasts,
          gammafunk_ghost_ooze, serial_bayou_shore_b, grunt_megastairs_5
Lair:3:   layout_cave_pods, st_stairs_13, infiniplex_staircase_pool_2
Lair:4:   layout_small_grid, spider_nest_entry_web_field, uniq_josephine
Lair:5:   layout_layer_cave, slime_altar_1, hellmonk_ghost_happy_afterlife,
          gauntlet_entry_generic, uniq_rupert, uniq_nessos
Lair:6:   cheibrodos_lair_end_hotspot, layout_cave_pods
Swamp:1:  layout_basic_swamp, ebering_ghost_disaster_area,
          evilmike_swamp_ruin_house_2
Swamp:2:  layout_basic_swamp, nicolae_swamp_stair_fork, swamp_pool2,
          hangedman_swamp_pad
Swamp:3:  layout_falls_marsh, evilmike_swamp_ruin_rubble_2, swamp_pool1,
          uniq_bai_suzhen
Swamp:4:  swamp_pestilence, layout_basic_swamp, swamp_pool3
Spider:1: layout_spider_delve
Spider:2: layout_spider_delve
Spider:3: layout_spider_delve, gammafunk_ghost_cemetery, uniq_arachne,
          uniq_roxanne
Spider:4: spider_rune_water
Orc:1:    layout_diamond_mine, basic_altar
Orc:2:    grunt_orc_gardens, layout_caves, grunt_orc_garden, grunt_orc_garden,
          grunt_orc_garden, grunt_orc_garden, chequers_guarded_unrand_ignorance,
          uniq_donald

Skill      XL: |  1  2  3  4  5  6  7  8  9 10 11 12 13 14 15 16 17 18 |
---------------+-------------------------------------------------------+-----
Fighting       | 3 4 5 6 7 9 11 12 14 15 17 18 19 20 21 | 21.7
Maces & Flails | 1 2 3 4 5 7 8 10 11 12 13 14 15 16 | 16.1
Armour         | 1 3 4 5 7 8 10 11 12 13 14 | 14.7
Evocations     | 3 6 8 |  8.7
Throwing       | |  4.4
Dodging        | |  1.7
Stealth        | |  0.6

Action                   |  1- 3 |  4- 6 |  7- 9 | 10-12 | 13-15 | 16-18 || total
-------------------------+-------+-------+-------+-------+-------+-------++-------
Melee: Short sword       |    74 |       |       |       |       |       ||    74
       Club              |    91 |   176 |    81 |       |       |       ||   348
       Flail             |       |    82 |       |       |       |       ||    82
       Whip              |       |       |   508 |   297 |       |       ||   805
       Giant spiked club |       |       |       |   367 |  1142 |  1226 ||  2735
Throw: Large rock        |       |     9 |    30 |    18 |       |       ||    57
       Throwing net      |       |     2 |     2 |       |       |       ||     4
       Stone             |       |       |       |     1 |       |       ||     1
Invok: Whirlwind         |     2 |       |    29 |    58 |    78 |   256 ||   423
       Lunge             |     1 |     8 |    12 |    32 |    42 |    49 ||   144
       Heavenly Storm    |       |       |       |     1 |       |       ||     1
       Serpent's Lash    |       |       |       |       |     3 |     2 ||     5
 Abil: Wall Jump         |       |       |       |     2 |     3 |     6 ||    11
       Evoke Berserk Rag |       |       |       |       |     3 |     6 ||     9
Evoke: Wand              |       |       |       |     2 |     1 |       ||     3
  Use: Scroll            |       |       |     8 |     7 |     6 |    15 ||    36
       Potion            |       |       |       |     5 |       |    12 ||    17
 Stab: Sleeping          |       |     1 |       |       |       |       ||     1
       Held in net/web   |       |       |     1 |       |       |       ||     1
  Eat: Chunk             |     2 |     7 |    11 |    16 |    26 |    20 ||    82
       Ration            |       |       |       |     2 |     6 |     9 ||    17
Armor: Robe              |    69 |    14 |       |       |       |       ||    83
       Gold dragon scale |       |   216 |   496 |   686 |  1505 |  2070 ||  4973
       Skin              |       |       |       |    11 |       |       ||    11
Dodge: Dodged            |    88 |    47 |    18 |    98 |   225 |   391 ||   867

Table legend:
 A = Non-vault XP
 B = Vault XP
 C = Vault XP percentage of total XP
 D = Non-vault monster count
 E = Vault monster count
 F = Vault count percentage of total count
                 A         B        C        D         E       F
            +---------+---------+-------+---------+---------+-------
      Total |  175653 |  100725 |  36.4 |     762 |     271 |  26.2
            +---------+---------+-------+---------+---------+-------
        D:1 |      58 |       0 |   0.0 |      32 |       0 |   0.0
        D:2 |      28 |      12 |  30.0 |      11 |       8 |  42.1
        D:3 |       6 |       0 |   0.0 |       2 |       0 |   0.0
        D:4 |      13 |     872 |  98.5 |       6 |       4 |  40.0
        D:5 |     527 |     296 |  36.0 |      19 |       1 |   5.0
        D:6 |     540 |       0 |   0.0 |       9 |       0 |   0.0
        D:7 |    2553 |       0 |   0.0 |      41 |       0 |   0.0
        D:8 |    2128 |     998 |  31.9 |      41 |       5 |  10.9
        D:9 |    2648 |       0 |   0.0 |      17 |       0 |   0.0
       D:10 |    3041 |     350 |  10.3 |      27 |       1 |   3.6
       D:11 |    6221 |     454 |   6.8 |      47 |       1 |   2.1
       D:12 |    8034 |    2697 |  25.1 |      30 |      28 |  48.3
       D:13 |    4810 |    2226 |  31.6 |      20 |       2 |   9.1
       D:14 |    9379 |    9005 |  49.0 |      32 |      19 |  37.3
     Lair:1 |    2011 |       0 |   0.0 |       7 |       0 |   0.0
     Lair:2 |    5315 |    1964 |  27.0 |      22 |      12 |  35.3
     Lair:3 |    3795 |     417 |   9.9 |      19 |       2 |   9.5
     Lair:4 |    1576 |    1626 |  50.8 |       6 |       4 |  40.0
     Lair:5 |   15074 |    4188 |  21.7 |      43 |       2 |   4.4
     Lair:6 |    9664 |    6751 |  41.1 |      28 |      24 |  46.2
    Swamp:1 |    9601 |    1883 |  16.4 |      28 |       1 |   3.4
    Swamp:2 |    5010 |    4728 |  48.6 |      13 |       1 |   7.1
    Swamp:3 |   12820 |       0 |   0.0 |      20 |       0 |   0.0
    Swamp:4 |    7723 |   16423 |  68.0 |      23 |      42 |  64.6
   Spider:1 |    2209 |       0 |   0.0 |       7 |       0 |   0.0
   Spider:2 |   23731 |       0 |   0.0 |      80 |       0 |   0.0
   Spider:3 |   15490 |    3480 |  18.3 |      36 |       1 |   2.7
   Spider:4 |   14685 |   15732 |  51.7 |      29 |      36 |  55.4
      Orc:1 |    2262 |    6705 |  74.8 |      26 |      10 |  27.8
      Orc:2 |    4701 |    5245 |  52.7 |      41 |      18 |  30.5
      IceCv |       0 |    9323 | 100.0 |       0 |      36 | 100.0
   Gauntlet |       0 |    5350 | 100.0 |       0 |      13 | 100.0
            +---------+---------+-------+---------+---------+-------
